 Dungeon Crawl Stone Soup version 0.17.1-3-g152610e (webtiles) character file.

97 Faildrin the Bolt Thrower (level 4, -1/37 HPs)
             Began as a Centaur Hunter on Apr 14, 2016.
             Was an Initiate of Okawaru.
             Slain by Blunderbuss's ghost (9 damage)
             ... on level 3 of the Dungeon.
             The game lasted 00:23:59 (2824 turns).

Faildrin the Bolt Thrower (Centaur Hunter)          Turns: 2824, Time: 00:24:00

Health: -1/37      AC:  8    Str: 18 (19) XL:     4   Next: 42%
Magic:  4/4        EV:  5    Int: 10      God:    Okawaru [......]
Gold:   144        SH:  0    Dex: 10      Spells: 0 memorised, 3 levels left

rFire  . . .     SeeInvis .     b - +0 short sword
rCold  . . .     Clarity  .     i - +0 chain mail (curse)
rNeg   . . .     SustAt   .     (no shield)
rPois  .         Gourm    .     (no helmet)
rElec  .         Spirit   .     e - +0 cloak
rCorr  .         Warding  .     (no gloves)
rMut   .         Stasis   .     (no barding)
MR     +....                    (no amulet)
Stlth  ..........               h - +4 ring of strength
                                g - ring of protection from magic

@: very quick, somewhat resistant to hostile enchantments, extremely unstealthy
A: hooves 3, deformed body, speed 2, tough skin 3
a: Renounce Religion


You were on level 3 of the Dungeon.
You worshipped Okawaru.
Okawaru was noncommittal.
You were not hungry.

You visited 1 branch of the dungeon, and saw 3 of its levels.

You collected 144 gold pieces.

Inventory:

Hand Weapons
 a - a +2 hand crossbow
 b - a +0 short sword (weapon)
Missiles
 d - 17 bolts
Armour
 c - a +0 leather armour
 e - a +0 cloak (worn)
 f - a +0 ring mail
 i - a cursed +0 chain mail (worn)
 o - a +0 plate armour
Jewellery
 g - a ring of protection from magic (left hand)
 h - a +4 ring of strength (right hand)
Scrolls
 j - a scroll of fog {unknown}
 l - 2 scrolls of magic mapping {unknown}
 m - a scroll of identify {unknown}
Potions
 p - a potion of invisibility
Comestibles
 k - a slice of pizza
 n - a bread ration


   Skills:
 + Level 2.3 Fighting
 + Level 0.6 Short Blades
 + Level 5.6 Crossbows
 + Level 1.0 Armour
 + Level 1.7 Dodging
 + Level 0.5 Stealth


You had 3 spell levels left.
You didn't know any spells.

Dungeon Overview and Level Annotations

Branches:
Dungeon (3/15)

Altars:
Okawaru
Qazlal
Ru
Zin

Annotations:
D:3 Blunderbuss's ghost, amateur GrGl


Innate Abilities, Weirdness & Mutations

You have hooves in place of feet.
Armour fits poorly on your strangely shaped body.
You cover ground very quickly.
You have extremely tough skin (AC +3).


Message History

Aim: Blunderbuss's ghost You shoot a bolt.
The bolt hits Blunderbuss's ghost but does no damage.
Firing (i - inventory):
d - 18 bolts (quivered)
Press: ? - help, Shift-Dir - straight line, f/p - Blunderbuss's ghost
Aim: Blunderbuss's ghost You shoot a bolt.
The bolt hits Blunderbuss's ghost but does no damage.
b - a +0 short sword (weapon)
You hit Blunderbuss's ghost but do no damage.
Blunderbuss's ghost hits you but does no damage.
You completely miss Blunderbuss's ghost.
Your kick misses Blunderbuss's ghost.
Blunderbuss's ghost hits you but does no damage.
You closely miss Blunderbuss's ghost. Blunderbuss's ghost barely misses you.
Blunderbuss's ghost hits you.
* * * LOW HITPOINT WARNING * * *
You closely miss Blunderbuss's ghost. Your kick misses Blunderbuss's ghost.
Blunderbuss's ghost hits you!
You die...

#.......#### #........
#......## #####.###
#####.## #.# #(# #.#
#.# #.# ##+## #.##
##...## #..# ##.!...##
#####.# ##...@W..##
##.###.#
#........(####...##.##
+.........'(..........
#.........####...##.##
##.......## ##.###.#
##.....## ### #.#
##...## #.# ##+## #.#
#.# #.#


You could see Blunderbuss's ghost.

Vanquished Creatures
  3 adders
  An ooze (D:3)
  A giant gecko (D:2)
  17 goblins
  8 hobgoblins
  6 kobolds
  10 bats
  4 giant newts
  3 jackals (D:1)
  10 rats
63 creatures vanquished.

Notes
Turn   | Place    | Note
--------------------------------------------------------------
     0 | D:1      | Faildrin the Centaur Hunter began the quest for the Orb.
     0 | D:1      | Reached XP level 1. HP: 17/17 MP: 1/1
   139 | D:1      | Reached XP level 2. HP: 15/24 MP: 2/2
   353 | D:1      | Reached skill level 5 in Crossbows
   910 | D:2      | Found a sacrificial altar of Ru.
   975 | D:2      | Found an iron altar of Okawaru.
  1000 | D:2      | Became a worshipper of Warmaster Okawaru
  1058 | D:2      | Reached XP level 3. HP: 7/29 MP: 3/3
  1246 | D:2      | Found a stormy altar of Qazlal.
  1461 | D:2      | Found a glowing silver altar of Zin.
  1675 | D:2      | Reached XP level 4. HP: 37/37 MP: 4/4
  2694 | D:3      | Reached skill level 1 in Armour
  2815 | D:3      | Noticed Blunderbuss's ghost (amateur GrGl)
  2824 | D:3      | Slain by Blunderbuss's ghost

Action                   |  1- 3 |  4- 6 || total
-------------------------+-------+-------++-------
Melee: Short sword       |   102 |    34 ||   136
 Fire: Hand crossbow     |    66 |    22 ||    88
  Use: Potion            |     5 |     4 ||     9
       Scroll            |     3 |       ||     3
  Eat: Bread ration      |     1 |       ||     1
